 Dungeon Crawl Stone Soup version 0.30-a0-777-ga9a30cbeda (webtiles) character file.

Game seed: 6407941422621949864

61 Smoke131 the Ruffian (level 3, 0/29 HPs)
             Began as a Draconian Transmuter on Feb 15, 2023.
             Slain by a kobold
             ... wielding a +0 whip
              (4 damage)
             ... on level 2 of the Dungeon.
             The game lasted 00:07:02 (2141 turns).

Smoke131 the Ruffian (Draconian Transmuter)         Turns: 2141, Time: 00:07:02

Health: 0/29       AC:  5    Str: 14    XL:     3   Next: 83%
Magic:  3/6        EV: 12    Int: 13    God:
Gold:   40         SH:  0    Dex: 11    Spells: 3/6 levels left

rFire   . . .      SeeInvis .      - Unarmed
rCold   . . .      Faith    .    (no shield)
rNeg    . . .      Spirit   .    (body armour unavailable)
rPois   .          Reflect  .    (helmet currently unavailable)
rElec   .          Harm     .    (no cloak)
rCorr   .          Rampage  .    (no gloves)
Will    .....                    (boots currently unavailable)
Stlth   +                        (no amulet)
HPRegen 0.24/turn                (no ring)
MPRegen 0.10/turn                (no ring)

@: appendages (expiring), wereblooded
A: horns 2, talons 2, AC +5, unfitting armour, cold-blooded
a: End Transformation


You were on level 2 of the Dungeon.
You had temporarily grown beastly horns and talons.
You visited 1 branch of the dungeon, and saw 3 of its levels.

You collected 40 gold pieces.

Inventory:

Armour
 n - a +0 kite shield
Jewellery
 m - a ring of protection from cold
Scrolls
 b - a scroll of butterflies {unknown}
 c - a scroll of vulnerability {unknown}
 d - a scroll of teleportation {unknown}
 f - 3 scrolls of identify {unknown}
 g - a scroll of immolation {unknown}
 k - 3 scrolls of brand weapon {unknown}
 l - a scroll of fog {unknown}
Potions
 a - 2 potions of lignification
 e - a potion of mutation {unknown}
 h - 2 potions of heal wounds {unknown}
 i - a potion of might {unknown}
 j - a potion of brilliance {unknown}


   Skills:
 + Level 2.1 Fighting
 + Level 2.2 Dodging
 + Level 0.1 Shields
 + Level 3.4 Unarmed Combat
 + Level 2.4 Spellcasting
 + Level 2.5 Transmutations


You had 3 spell levels left.
You knew the following spells:

 Your Spells              Type           Power      Damage    Failure   Level
a - Beastly Appendage     Tmut           16%        N/A       9%          1
b - Wereblood             Tmut           8%         N/A       13%         2

Your spell library contained the following spells:

 Spells                   Type           Power      Damage    Failure   Level
 Spider Form              Tmut/Pois      4%         N/A       41%         3
 Ice Form                 Ice/Tmut       4%         N/A       82%         4


Dungeon Overview and Level Annotations

Branches:
Dungeon (3/15)

Altars:


Innate Abilities, Weirdness & Mutations

You have temporarily grown beastly horns and talons.
Your plain brown scales are hard. (AC +5)
You cannot fit into any form of body armour.
You are cold-blooded and may be slowed by cold attacks.


Message History

Casting: Beastly Appendage (safe; 9% risk of failure)
Confirm with . or Enter, or press ? or * to list all spells.
Your blood is infused with primal strength.
The rat bites you but does no damage. The kobold misses you.
The orc priest barely misses you.
Casting: Wereblood (safe; 13% risk of failure)
Confirm with . or Enter, or press ? or * to list all spells.
You grow a pair of large bovine horns.
Your feet morph into talons.
The rat bites you but does no damage. The kobold closely misses you.
The orc priest barely misses you.
You hit the orc priest. Your kick misses the orc priest.
The orc priest is lightly wounded.
You hit the orc priest. Your kick misses the orc priest.
You headbutt the orc priest, but do no damage.
Your punch misses the orc priest.
The orc priest is moderately wounded.
The rat closely misses you. The kobold closely misses you.
The orc priest misses you.
You hit the orc priest.
You punch the orc priest, but do no damage.
The orc priest is heavily wounded.
The rat completely misses you. The kobold closely misses you.
The orc priest hits you but does no damage.
You hit the orc priest but do no damage.
You claw the orc priest. You headbutt the orc priest.
The orc priest is severely wounded.
Your transformation is almost over.
The rat closely misses you. The kobold hits you but does no damage.
The orc priest misses you.
You closely miss the orc priest. Your kick misses the orc priest.
Your headbutt misses the orc priest.
Your tail-slap misses the orc priest.
The orc priest is severely wounded.
The rat bites you but does no damage. The kobold barely misses you.
The orc priest mumbles some strange prayers to Beogh against you.
Pain shoots through your body!
* * * LOW HITPOINT WARNING * * *
You hit the orc priest but do no damage.
The orc priest is severely wounded.
The rat barely misses you. The kobold hits you with a +0 whip.
You die...

################.# # #.# ##
############ #.# #. .......<...#
#.###############.
##########.#####.#..>............
...........#.....#.#############.
#........).)........#..#########.
#.#######..#.#.ro..>#..#.........
#.#........#.#.K@[..#..#.########
..#.###.#......####.#..#.#
..#...#......#.# #.#..#.#
..###.###....#.# #.#..#.#
........#....#.####.#[.#.#
......#.###..#...........#
#######'###..............########
..##.....##..#######.............
#.##.....###.#######....#########


You could see an orc priest, a kobold and a rat.

Vanquished Creatures
  An adder (D:2)
  2 worms (D:2)
  A dart slug (D:2)
  3 orcs (D:2)
  6 endoplasms
  2 giant cockroaches (D:1)
  3 goblins
  3 hobgoblins
  3 ball pythons
  7 bats
  2 frilled lizards (D:2)
  4 kobolds
  4 rats
41 creatures vanquished.

Notes
Turn   | Place    | Note
-------+----------+-------------------------------------------
     0 | D:1      | Smoke131 the Draconian Transmuter began the quest for the
                  | Orb.
     0 | D:1      | Reached XP level 1. HP: 16/16 MP: 3/3
   265 | D:1      | Reached XP level 2. HP: 23/23 MP: 5/5
   462 | D:1      | Found a faded altar of an unknown god.
   998 | D:2      | Reached XP level 3. HP: 29/29 MP: 4/6
  1049 | D:2      | Learned a level 2 spell: Wereblood
  2141 | D:2      | Slain by a kobold

Illustrated notes

Levels and vault maps discovered:
D:1:      matt_arrival_los_fun, layout_loops_ring, basic_ecumenical_altar,
          nicolae_figureground_pulse
D:2:      layout_basic
D:3:      layout_loops_ring, uniq_grinder

Skill      XL: |  1  2  3 |
---------------+----------+-----
Dodging        | 2 |  2.2
Fighting       | 2 |  2.1
Shields        | |  0.1
Unarmed Combat | |  3.4
Spellcasting   | |  2.4
Transmutations | |  2.5

Action                     || total
---------------------------++-------
  Melee: Unarmed           ||   180
         Tailslap          ||    16
         Punch             ||     2
         Headbutt          ||     6
         Kick              ||     7
   Cast: Beastly Appendage ||     5
         Wereblood         ||     3
   Stab: Sleeping          ||     2
 Armour: Skin              ||    76
  Dodge: Dodged            ||   132

Table legend: (Time is in decaauts)
 A = Elapsed time spent in this place.
 B = Non-inter-level travel time spent in this place.
 C = Inter-level travel time spent in this place.
 D = Time resting spent in this place.
 E = Time spent auto-exploring this place.
 F = Levels seen in this place.
 G = Mean time per level.
                   A        B        C        D        E       F      G
               +--------+--------+--------+--------+--------+-----+--------+
         Total |   2132 |   2066 |     66 |    121 |   1448 |   3 |  710.7 |
       Dungeon |   2132 |   2066 |     66 |    121 |   1448 |   3 |  710.7 |
               +--------+--------+--------+--------+--------+-----+--------+

Top non-repeatable levels by time:
     D:2: 1211 daAuts
     D:1: 913 daAuts
     D:3: 7 daAuts
